 Dungeon Crawl Stone Soup version 0.30-a0-603-g51a0fb1b98 (webtiles) character file.

Game seed: 13916259014538163727

7930 Armakuni the Destroyer (level 11, -4/77 HPs)
             Began as a Human Reaver on Jan 7, 2023.
             Slain by an orc warlord
             ... wielding a +6 executioner's axe
              (18 damage)
             ... in a bailey.
             The game lasted 00:26:32 (8447 turns).

Armakuni the Destroyer (Human Reaver)               Turns: 8447, Time: 00:26:33

Health: -4/77      AC: 14    Str: 13    XL:     11   Next: 46%
Magic:  2/23       EV: 11    Int: 21    God:
Gold:   597        SH:  0    Dex: 10    Spells: 3/26 levels left

rFire   . . .      SeeInvis .    a - +8 spear of the Dripping Gods {vamp, rF+ rC+}
rCold   + . .      Faith    .    (no shield)
rNeg    . . .      Spirit   .    D - +3 acid dragon scales
rPois   .          Reflect  .    n - +0 helmet
rElec   .          Harm     .    m - +0 cloak
rCorr   +          Rampage  .    (no gloves)
Will    .....                    g - +2 pair of boots
Stlth   +                        M - amulet of magic regeneration
HPRegen 1.12/turn                (no ring)
MPRegen 0.58/turn                (no ring)

@: no status effects
A: clever 1, regeneration 1, heat vulnerability 1
a: no special abilities


You were in a bailey.
You visited 2 branches of the dungeon, and saw 11 of its levels.
You also visited: Bailey.

You collected 597 gold pieces.

Inventory:

Hand Weapons
 a - the +8 spear of the Dripping Gods (weapon) {vamp, rF+ rC+}
   (You found it on level 2 of the Dungeon)

   rF:        It protects you from fire.
   rC:        It protects you from cold.
 b - a +2 quarterstaff of chaos
 s - a +1 mace
 w - a +4 sling
Missiles
 e - 7 throwing nets
Armour
 g - a +2 pair of boots (worn)
 j - a scarf of harm
 m - a +0 cloak (worn)
 n - a +0 helmet (worn)
 D - +3 acid dragon scales (worn)
Jewellery
 M - an amulet of magic regeneration (around neck)
Wands
 k - a wand of digging (20)
 l - a wand of light (25)
 u - a wand of mindburst (5)
 y - a wand of flame (31)
Scrolls
 f - 3 scrolls of poison
 h - 6 scrolls of teleportation
 q - 2 scrolls of amnesia
 r - 2 scrolls of noise
 x - 4 scrolls of magic mapping
 A - a scroll of enchant armour
 C - a scroll of fog
 G - 3 scrolls of fear
 H - a scroll of blinking
Potions
 c - 2 potions of curing
 d - 2 potions of heal wounds
 i - 4 potions of resistance
 o - 2 potions of ambrosia
 p - a potion of haste
 v - 2 potions of flight {unknown}
 z - a potion of brilliance {unknown}
 B - 2 potions of berserk rage
 F - a potion of lignification {unknown}
 J - a potion of magic {unknown}
Miscellaneous
 t - a tin of tremorstones (inert)


   Skills:
 - Level 4.0 Fighting
 - Level 3.0 Maces & Flails
 - Level 3.0 Polearms
 - Level 1.0 Armour
 - Level 2.0 Dodging
 - Level 8.1 Spellcasting
 + Level 12.2 Conjurations
 - Level 5.0 Translocations
 - Level 5.0 Ice Magic


You had 3 spell levels left.
You knew the following spells:

 Your Spells              Type           Power      Damage    Failure   Level
b - Sublimation of Blood  Necr           8%         N/A       17%         2
c - Mephitic Cloud        Conj/Pois/Air  25%        N/A       6%          3
h - Hailstorm             Conj/Ice       44%        3d10      1%          3
m - Iskenderun's Mystic   Conj/Tloc      44%        2d10      3%          4
s - Iskenderun's Battles  Conj           56%        2d11      1%          5
z - Iron Shot             Conj/Erth      17%        9d4       82%         6

Your spell library contained the following spells:

 Spells                   Type           Power      Damage    Failure   Level
 Kiss of Death            Conj/Necr      100%       2d13      1%          1
 Momentum Strike          Conj/Tloc      88%        3d10      1%          2
 Dazzling Flash           Conj/Hex       68%        N/A       2%          3
 Cigotuvi's Dreadful Rot  Necr/Pois/Air  16%        N/A       17%         2
 Poisonous Vapours        Pois/Air       16%        N/A       17%         2
 Irradiate                Conj/Tmut      17%        3d17      26%         5
 Cause Fear               Hex            4%         N/A       75%         4
 Petrify                  Tmut/Erth      8%         N/A       75%         4
 Starburst                Conj/Fire      17%        6d6       82%         6
 Dragon Form              Tmut           4%         N/A       100%        7
 Spellforged Servitor     Conj/Summ      17%        N/A       100%        7
 Dragon's Call            Summ           4%         N/A       100%        9


Dungeon Overview and Level Annotations

Branches:
Dungeon (10/15)            Temple (1/1) D:4            Lair (0/5) D:9
 Bailey (1/1)
    Orc: D:9-12

Altars:
Ashenzari
Cheibriados
Dithmenos
Elyvilon
Fedhas
Hepliaklqana
Kikubaaqudgha
Makhleb
Nemelex Xobeh
Okawaru
Qazlal
Ru
Sif Muna
Trog
Uskayaw
Vehumet
Xom
Yredelemnul
Zin
The Shining One


Innate Abilities, Weirdness & Mutations

Your mind is acute. (Int +4, Str/Dex -1)
Your natural rate of healing is unusually fast.
You are vulnerable to heat. (rF-)


Message History

The stinking cloud engulfs you but does no damage.
The orc warlord is engulfed in noxious fumes.
The orc warlord hits you with a +6 executioner's axe!
The orc warlord attacks as you move away!
The orc warlord hits you with a +6 executioner's axe!
The orc warlord is engulfed in noxious fumes.
The orc warlord attacks as you move away!
The orc warlord hits you with a +6 executioner's axe!
There is an open door here.
Okay, then.
Casting: Mephitic Cloud (dangerous; 6% risk of failure)
Confirm with . or Enter, or press ? or * to list all spells.
You don't have enough magic to cast this spell.
Things that are here:
a +0 hand axe; a +0 ring mail The orc warlord attacks as you move away!
The orc warlord hits you with a +6 executioner's axe!
Casting: Mephitic Cloud (dangerous; 6% risk of failure)
Confirm with . or Enter, or press ? or * to list all spells.
You erupt in a blast of force!
The mystic blast hits the orc warlord.
The orc warlord is lightly wounded.
The orc warlord hits you but does no damage.
As you read the scroll of summoning, it crumbles to dust.
Wisps of shadow whirl around you...
The gnoll hits your gnoll with a +0 war axe!
The gnoll hits your gnoll with a +0 war axe. x2
The orc warlord hits you with a +6 executioner's axe!!
* * * LOW HITPOINT WARNING * * *
The orc warlord hits your gnoll with a +6 executioner's axe!!
Your gnoll dies!
Your gnoll's corpse dissolves into shadows!
The orc warlord hits your gnoll with a +6 executioner's axe!
Your gnoll dies!
Your gnoll's corpse dissolves into shadows!
Your gnoll hits the orc warlord but does no damage.
Your gnoll misses the gnoll.
You see here 2 boomerangs.
The orc warlord attacks as you move away!
The orc warlord hits you with a +6 executioner's axe!!
You die...

♣♣♣ ♣♣♣∩♣♣♣
#####♣♣♣.....♣♣♣#####
##...##.........##...##
##.....##.......##.....## ≈≈♣
##.......##g~~~~##...8...##≈≈≈
##..8..8...#~~~g~#..(......##≈≈
#.........g#ggg~~#..).......#≈≈
#........g.g)o@..'.((.8..8..#≈≈
#...8....gg#########........#≈≈
##......####~~~#~~~##......##≈≈
##.....#~~#~.....:~#.)...##...
##....#~........!~#....##....
#...##~8.8...8.8##....#.....
#...'~~.........#.....'.....
#...'~~....∩....#.....'...∩.
#...'~~.........#.....'.....


You could see an orc warlord (ally target), a gnoll and 9 friendly gnolls.

Vanquished Creatures
  A hydra (D:8)
  An unseen horror (D:10)
  Grinder (D:4)
  2 wyverns (D:7)
  Sigmund (D:2)
  Eustachio (D:5)
  5 yaks (D:8)
  2 steam dragons (D:6)
  Menkaure (D:5)
  An acid dragon (D:8)
  2 wargs (D:9)
  A water moccasin (D:7)
  Duvessa (D:6)
  An ice beast (D:7)
  6 orc warriors
  A black bear (D:8)
  3 ogres
  4 centaurs
  2 phantoms (D:6)
  4 kobold brigands
  5 bullfrogs
  3 scorpions
  8 wights
  Dowan (D:6)
  15 killer bees
  A howler monkey (D:9)
  2 hounds
  3 gnoll boudas
  A jelly (D:6)
  5 orc priests
  Crazy Yiuf (D:2)
  Terence (D:3)
  Natasha (thrice) (D:2)
  8 orc wizards
  Robin (D:3)
  29 gnolls
  4 adders
  A shadow imp (D:7)
  4 white imps
  2 ufetubi
  4 worms
  24 orcs
  4 bats
  5 endoplasms
  5 giant cockroaches
  12 goblins
  11 hobgoblins
  4 jackals (D:2)
  9 quokkas
  5 ball pythons
  2 frilled lizards
  30 kobolds
  4 rats
258 creatures vanquished.

Vanquished Creatures (others)
  A killer bee (D:6)
  22 fungi (D:5)
  42 plants (D:3)
65 creatures vanquished.

Grand Total: 323 creatures vanquished

Notes
Turn   | Place    | Note
-------+----------+-------------------------------------------
     0 | D:1      | Armakuni the Human Reaver began the quest for the Orb.
     0 | D:1      | Reached XP level 1. HP: 16/16 MP: 3/3
   110 | D:2      | Reached XP level 2. HP: 18/20 MP: 5/5
   872 | D:1      | Reached XP level 3. HP: 28/29 MP: 6/6
   974 | D:2      | Learned a level 3 spell: Hailstorm
  1165 | D:3      | Noticed Robin
  1310 | D:2      | Noticed Natasha
  1324 | D:2      | Killed Natasha
  1325 | D:2      | Reached XP level 4. HP: 25/37 MP: 4/7
  1443 | D:2      | Noticed Natasha
  1456 | D:2      | Killed Natasha
  1469 | D:2      | Identified the +8 spear of the Dripping Gods {vamp, rF+
                  | rC+}
  1620 | D:2      | Found a runed translucent door.
  1621 | D:2      | Noticed Crazy Yiuf
  1628 | D:2      | Killed Crazy Yiuf
  1629 | D:2      | Reached skill level 1 in Ice Magic
  1629 | D:2      | Reached XP level 5. HP: 22/42 MP: 4/8
  1779 | D:2      | Noticed Natasha
  1783 | D:2      | Noticed Sigmund
  1785 | D:2      | Killed Natasha
  1786 | D:2      | Reached skill level 4 in Conjurations
  1816 | D:2      | Gained mutation: Your magical capacity is low. (-10% MP)
                  | [potion of mutation]
  1816 | D:2      | Gained mutation: You are weak. (Str -2) [potion of
                  | mutation]
  1816 | D:2      | Gained mutation: You are occasionally teleported next to
                  | monsters. [potion of mutation]
  1817 | D:2      | Killed Sigmund
  1818 | D:2      | Reached XP level 6. HP: 10/48 MP: 8/8
  2124 | D:3      | Reached skill level 5 in Conjurations
  2350 | D:3      | Killed Robin
  2351 | D:3      | Reached XP level 7. HP: 45/54 MP: 9/9
  2355 | D:3      | Reached skill level 1 in Polearms
  2581 | D:3      | Noticed Terence
  2588 | D:3      | Killed Terence
  2593 | D:3      | Learned a level 3 spell: Mephitic Cloud
  3258 | D:4      | Found a staircase to the Ecumenical Temple.
  3282 | Temple   | Entered the Ecumenical Temple
  3589 | D:4      | Lost mutation: Your magical capacity is low. (-10% MP)
                  | [potion of mutation]
  3589 | D:4      | Lost mutation: You are occasionally teleported next to
                  | monsters. [potion of mutation]
  3589 | D:4      | Gained mutation: You are vulnerable to heat. (rF-) [potion
                  | of mutation]
  3589 | D:4      | Gained mutation: You have a beak for a mouth. [potion of
                  | mutation]
  3590 | D:4      | Lost mutation: You are weak. (Str -2) [potion of mutation]
  3590 | D:4      | Lost mutation: You have a beak for a mouth. [potion of
                  | mutation]
  3590 | D:4      | Gained mutation: Your natural rate of healing is unusually
                  | fast. [potion of mutation]
  3590 | D:4      | Gained mutation: Your mind is acute. (Int +4, Str/Dex -1)
                  | [potion of mutation]
  3591 | D:4      | Noticed Grinder
  3593 | D:4      | Killed Grinder
  3594 | D:4      | Reached skill level 5 in Ice Magic
  3594 | D:4      | Reached XP level 8. HP: 60/60 MP: 9/11
  3628 | D:4      | Reached skill level 6 in Conjurations
  3991 | D:5      | Entered Level 5 of the Dungeon
  4087 | D:5      | Noticed Eustachio
  4132 | D:5      | Killed Eustachio
  4133 | D:5      | Reached skill level 7 in Conjurations
  4304 | D:5      | Found a shimmering altar of Xom.
  4640 | D:5      | Noticed Menkaure
  4647 | D:5      | Killed Menkaure
  4648 | D:5      | Reached skill level 8 in Conjurations
  4648 | D:5      | Reached XP level 9. HP: 63/65 MP: 12/12
  5011 | D:6      | Reached skill level 9 in Conjurations
  5219 | D:6      | Reached skill level 10 in Conjurations
  5432 | D:6      | Reached skill level 1 in Armour
  5440 | D:6      | Learned a level 6 spell: Iron Shot
  5682 | D:6      | Learned a level 4 spell: Iskenderun's Mystic Blast
  5862 | D:6      | Noticed Duvessa
  5865 | D:6      | Noticed Dowan
  5872 | D:6      | Killed Dowan
  5884 | D:6      | Killed Duvessa
  5885 | D:6      | Reached skill level 5 in Spellcasting
  5896 | D:6      | Reached XP level 10. HP: 71/71 MP: 17/17
  6133 | D:6      | Learned a level 5 spell: Iskenderun's Battlesphere
  7154 | D:8      | Learned a level 2 spell: Sublimation of Blood
  7159 | D:8      | Noticed a five-headed hydra
  7166 | D:8      | Reached skill level 1 in Translocations
  7170 | D:8      | Killed a five-headed hydra
  7228 | D:8      | Reached skill level 5 in Translocations
  7241 | D:8      | Reached XP level 11. HP: 65/77 MP: 17/23
  7499 | D:9      | Found a staircase to the Lair.
  7617 | D:9      | Found a broken altar of Ashenzari.
  7617 | D:9      | Found a white marble altar of Elyvilon.
  7618 | D:9      | Found a stormy altar of Qazlal.
  7631 | D:9      | Found a glowing golden altar of the Shining One.
  7687 | D:9      | Reached skill level 11 in Conjurations
  8057 | D:10     | Entered Level 10 of the Dungeon
  8099 | D:10     | Found a sparkling altar of Nemelex Xobeh.
  8148 | D:10     | Found a flagged portal.
  8153 | Bailey   | Entered a bailey
  8158 | Bailey   | Noticed an orc warlord
  8171 | Bailey   | Reached skill level 12 in Conjurations
  8280 | Bailey   | Found a runed translucent gate.
  8281 | Bailey   | Found a runed translucent gate.
  8283 | Bailey   | Found a runed translucent gate.
  8447 | Bailey   | Slain by an orc warlord

Illustrated notes

Levels and vault maps discovered:
D:1:      dpeg_arrival_round_a, layout_basic, minmay_three_crescents
D:2:      layout_loops_ring, uniq_natasha, uniq_sigmund, uniq_crazy_yiuf_cottage
D:3:      wad_woods_tower, layout_basic, grunt_decor_resistance,
          minmay_splitting_lines, uniq_robin, uniq_terence
D:4:      layout_loops_ring, minmay_temple_entry_junction, uniq_grinder
D:5:      layout_loops_cross, kennysheep_little_box, serial_aquarium,
          aquarium_bridge_island_small [aquarium_subvault_small_water,
          aquarium_subvault_wall, aquarium_subvault_wall,
          aquarium_subvault_wall, aquarium_subvault_bridge],
          aquarium_bridge_square [aquarium_subvault_bridge,
          aquarium_subvault_window, aquarium_subvault_bridge,
          aquarium_subvault_window], aquarium_window_fake, aquarium_window_fake,
          aquarium_window_1, aquarium_window_corridor_2, aquarium_view_2d,
          aquarium_pool_five, uniq_menkaure, uniq_eustachio
D:6:      layout_layer_cave, minmay_misc_feat_cross, uniq_duvessa
D:7:      wad_pebble_path, layout_basic
D:8:      layout_basic, grunt_ministairs_1
D:9:      layout_cross, nicolae_overflow_quartered_altars,
          erik_lair_orcish_takeover
D:10:     layout_loops_ring, grunt_gozag_statues, nzn_wu_jian_council_hall,
          nemelex_xobeh_ov_fountains_minmay, enter_bailey_2, uniq_psyche
Temple:   eino_temple_water
Bailey:   bailey_axe_bossmonster_kennysheep, bailey

Skill      XL: |  1  2  3  4  5  6  7  8  9 10 11 |
---------------+----------------------------------+-----
Fighting       | 3 4 |  4.0
Ice Magic      | 1 3 5 |  5.0
Conjurations   | 4 5 8 10 12 | 12.2
Polearms       | 3 |  3.0
Spellcasting   | 5 8 |  8.1
Armour         | 1 |  1.0
Translocations | 5 |  5.0
Maces & Flails | |  3.0
Dodging        | |  2.0

Action                   |  1- 3 |  4- 6 |  7- 9 | 10-12 || total
-------------------------+-------+-------+-------+-------++-------
Melee: Mace              |   101 |    30 |       |       ||   131
       Spear             |       |    80 |   316 |   363 ||   759
       Punch             |       |     1 |     2 |     4 ||     7
 Cast: Kiss of Death     |     2 |       |       |       ||     2
       Hailstorm         |       |       |    14 |    17 ||    31
       Mephitic Cloud    |       |       |     4 |    13 ||    17
       Iskenderun's Myst |       |       |       |    24 ||    24
Evoke: Tin of tremorston |       |       |     2 |     1 ||     3
       Wand              |       |       |     5 |     7 ||    12
  Use: Scroll            |     8 |     3 |     5 |     9 ||    25
       Potion            |       |     4 |     2 |       ||     6
 Stab: Invisible         |       |       |     2 |     2 ||     4
       Confused          |       |       |       |    12 ||    12
       Sleeping          |       |       |       |     1 ||     1
Armor: Leather armour    |    41 |    14 |       |       ||    55
       Ring mail         |       |    25 |   101 |       ||   126
       Steam dragon scal |       |       |    16 |    53 ||    69
       Acid dragon scale |       |       |       |   134 ||   134
Dodge: Dodged            |    82 |    51 |   173 |   230 ||   536

Table legend: (Time is in decaauts)
 A = Elapsed time spent in this place.
 B = Non-inter-level travel time spent in this place.
 C = Inter-level travel time spent in this place.
 D = Time resting spent in this place.
 E = Time spent auto-exploring this place.
 F = Levels seen in this place.
 G = Mean time per level.
                   A        B        C        D        E       F      G
               +--------+--------+--------+--------+--------+-----+--------+
         Total |   8466 |   7987 |    479 |    534 |   5093 |  12 |  705.5 |
       Dungeon |   7948 |   7483 |    465 |    534 |   4754 |  10 |  794.8 |
        Temple |    223 |    209 |     14 |      0 |    192 |   1 |  223.0 |
        Bailey |    294 |    294 |      0 |      0 |    147 |   1 |  294.0 |
               +--------+--------+--------+--------+--------+-----+--------+

Top non-repeatable levels by time:
     D:6: 1239 daAuts
     D:2: 1147 daAuts
     D:5: 994 daAuts
     D:3: 993 daAuts
     D:1: 929 daAuts
     D:7: 840 daAuts
     D:4: 737 daAuts
     D:8: 500 daAuts
     D:9: 470 daAuts
  Bailey: 294 daAuts
  Temple: 223 daAuts
    D:10: 95 daAuts
